 Dungeon Crawl Stone Soup version 0.32-a0-876-gcfddb08e57 (webtiles) character file.

Game seed: 15423677120674129280

485 smashvw the Shooter (level 7, -1/56 HPs)
             Began as a Formicid Hunter on Apr 1, 2024.
             Slain by a sleepcap (4 damage)
             ... on level 4 of the Dungeon.
             The game lasted 00:06:04 (2279 turns).

smashvw the Shooter (Formicid Hunter)               Turns: 2279, Time: 00:06:04

Health: -1/56      AC:  3    Str: 16    XL:     7   Next: 35%
Magic:  7/7        EV: 11    Int:  8    God:
Gold:   119        SH:  0    Dex: 19    Spells: 6/6 levels left

rFire   . . .        a - +0 shortbow
rCold   . . .        (no shield)
rNeg    . . .        c - +0 leather armour
rPois   .            (helmet unavailable)
rElec   .            (no cloak)
rCorr   .            (no gloves)
SInv    +            (no boots)
Will    .....        (no amulet)
Stlth   ++           (no ring)
HPRegen 0.29/turn    (no ring)
MPRegen 0.10/turn

%: no passive effects
@: no status effects
A: permanent stasis, dig shafts and tunnels, antennae 3, four strong arms
a: Dig, Shaft Self


You were on level 4 of the Dungeon.
You visited 1 branch of the dungeon, and saw 4 of its levels.

You collected 119 gold pieces.

Inventory:

Hand Weapons
 a - a +0 shortbow (weapon)
Armour
 c - a +0 leather armour (worn)
Jewellery
 o - an amulet of reflection
Scrolls
 b - a scroll of butterflies
 d - 2 scrolls of poison {unknown}
 e - a scroll of torment {unknown}
 g - 6 scrolls of identify {unknown}
 j - a scroll of amnesia {unknown}
 k - a scroll of teleportation {unknown}
 m - a scroll of fog {unknown}
 p - a scroll of vulnerability {unknown}
Potions
 f - a potion of attraction {unknown}
 h - 2 potions of might
 i - 3 potions of curing
 l - a potion of resistance {unknown}
 n - a potion of cancellation {unknown}
 q - a potion of heal wounds {unknown}


   Skills:
 - Level 5.0 Fighting
 + Level 7.2 Ranged Weapons
 - Level 1.7 Dodging
 - Level 1.2 Stealth


You had 6 spell levels left.
You didn't know any spells.
Your spell library contained the following spells:

 Spells                   Type           Power      Damage    Failure   Level
 Cigotuvi's Dreadful Rot  Necr/Alch/Air  0%         N/A       63%         2
 Ignite Poison            Fire/Alch      0%         N/A       99%         4
 Freezing Cloud           Conj/Ice/Air   0%         6-21      100%        5


Dungeon Overview and Level Annotations

Branches:
Dungeon (4/15)
 Temple: D:4-7

Altars:
Xom

Shops:
D:1 =   D:3 =


Innate Abilities, Weirdness & Mutations

You cannot be hasted, slowed, berserked, paralysed or teleported.
You can dig through walls and to a lower floor.
You have a pair of large antennae on your head. (SInv)
Your four strong arms can wield two-handed weapons with a shield.


Message History

The arrow hits the ball python but does no damage.
The ball python is heavily wounded.
The ball python bites you but does no damage.
The ball python constricts you.
Fire: a) +0 shortbow
Press: ? - help, Q - select action, (/) - cycle Shift-Dir - straight line, f/p - ball python
Aim: a ball python (heavily wounded, constricting you, 63% to hit)
You shoot an arrow. The arrow hits the ball python.
You kill the ball python!
Fire: a) +0 shortbow
Press: ? - help, Q - select action, (/) - cycle Shift-Dir - straight line, f - sleepcap
Aim: a sleepcap (98% to hit)
You shoot an arrow. The arrow hits the sleepcap!
The sleepcap is moderately damaged.
The sleepcap releases spores at you.
You are engulfed in a cloud of soporific spores!
You fall asleep.
The sleepcap releases spores at you!!
You wake up.
* * * LOW HITPOINT WARNING * * *
You are engulfed in a cloud of soporific spores!
You are unaffected.
Fire: a) +0 shortbow
Press: ? - help, Q - select action, (/) - cycle Shift-Dir - straight line, f/p - sleepcap
Aim: a sleepcap (moderately damaged, 98% to hit)
You shoot an arrow. The arrow hits the sleepcap.
The sleepcap is heavily damaged.
The sleepcap barely misses you.
Fire: a) +0 shortbow
Press: ? - help, Q - select action, (/) - cycle Shift-Dir - straight line, f/p - sleepcap
Aim: a sleepcap (heavily damaged, 98% to hit)
You shoot an arrow. The arrow hits the sleepcap.
The sleepcap is severely damaged.
The sleepcap closely misses you.
Fire: a) +0 shortbow
Press: ? - help, Q - select action, (/) - cycle Shift-Dir - straight line, f/p - sleepcap
Aim: a sleepcap (severely damaged, 98% to hit)
You shoot an arrow. The arrow hits the sleepcap.
The sleepcap is severely damaged.
The sleepcap releases spores at you.
You die...

... .# ... #### .# {
...##..# .# { #.##...#
.# { {#.#...## .# ?.
+#.#).## .. .#
....###...###.... .# ..
........ß........ .+....
..###@..###.... .#....
#.f#.#).## .# ##... #.
#...#.#...##
...#+#####.#...##.##...#
...#....##.#?.##...##..#
...#....##.####.....####
...#.....#..............
...#.....#......#.######
...#.....#......#...


You could see a sleepcap.

Vanquished Creatures
  A black bear (D:4)
  An ogre (D:4)
  3 crimson imps (D:3)
  A bombardier beetle (D:4)
  Natasha (twice) (D:2)
  6 adders
  A dart slug (D:1)
  A ribbon worm (D:2)
  An orc (D:4)
  3 bats (D:2)
  13 endoplasms
  A giant cockroach (D:1)
  6 goblins
  3 hobgoblins
  6 jackals
  5 quokkas
  2 ball pythons
  2 frilled lizards (D:1)
  7 kobolds
  6 rats
71 creatures vanquished.

Notes
Turn   | Place    | Note
-------+----------+-------------------------------------------
     0 | D:1      | smashvw the Formicid Hunter began the quest for the Orb.
     0 | D:1      | Reached XP level 1. HP: 16/16 MP: 1/1
    63 | D:1      | Reached XP level 2. HP: 23/23 MP: 2/2
   104 | D:1      | Found Peyset's Jewellery Emporium.
   144 | D:1      | Reached XP level 3. HP: 29/29 MP: 3/3
   526 | D:2      | Reached XP level 4. HP: 34/35 MP: 4/4
   797 | D:2      | Noticed Natasha
   806 | D:2      | Killed Natasha
   807 | D:2      | Reached skill level 5 in Ranged Weapons
   807 | D:2      | Reached XP level 5. HP: 27/42 MP: 5/5
   825 | D:2      | HP: 2/42 [poisoned by an adder]
  1063 | D:2      | Noticed Natasha
  1072 | D:2      | Killed Natasha
  1409 | D:3      | Found Jigadeg's Jewellery Emporium.
  1727 | D:3      | Found a shimmering altar of Xom.
  1746 | D:3      | Reached XP level 6. HP: 41/49 MP: 6/6
  1782 | D:3      | Reached skill level 5 in Fighting
  2081 | D:4      | Noticed an ogre
  2085 | D:4      | Killed an ogre
  2086 | D:4      | Reached skill level 6 in Ranged Weapons
  2100 | D:4      | Reached XP level 7. HP: 49/56 MP: 7/7
  2270 | D:4      | Reached skill level 7 in Ranged Weapons
  2276 | D:4      | HP: 2/56 [sleepcap (19)]
  2279 | D:4      | Slain by a sleepcap

Illustrated notes

Levels and vault maps discovered:
D:1:      saegor_arrival_simple_a, layout_rooms, serial_shops, shop,
          minivault_14
D:2:      layout_loops_ring, serial_bayou_pond_b, uniq_natasha
D:3:      layout_basic, led_xom_imps, serial_shops, shop
D:4:      cheibrodos_barr_body, layout_gridville, cheibrodos_ashenzari_chains

Skill      XL: |  1  2  3  4  5  6  7 |
---------------+----------------------+-----
Fighting       | 3 4 5 |  5.0
Ranged Weapons | 5 6 7 |  7.2
Dodging        | |  1.7
Stealth        | |  1.2

Action                     |  1- 3 |  4- 6 |  7- 9 || total
---------------------------+-------+-------+-------++-------
   Fire: Shortbow          |    72 |   170 |    32 ||   274
Ability: Dig               |     4 |       |       ||     4
    Use: Potion            |       |     2 |       ||     2
 Armour: Leather armour    |    18 |    43 |    36 ||    97
  Dodge: Dodged            |    12 |    52 |    14 ||    78

Table legend: (Time is in decaauts)
 A = Elapsed time spent in this place.
 B = Non-inter-level travel time spent in this place.
 C = Inter-level travel time spent in this place.
 D = Time resting spent in this place.
 E = Time spent auto-exploring this place.
 F = Levels seen in this place.
 G = Mean time per level.
                   A        B        C        D        E       F      G
               +--------+--------+--------+--------+--------+-----+--------+
         Total |   2325 |   2253 |     72 |      0 |   1792 |   4 |  581.2 |
       Dungeon |   2325 |   2253 |     72 |      0 |   1792 |   4 |  581.2 |
               +--------+--------+--------+--------+--------+-----+--------+

Top non-repeatable levels by time:
     D:2: 880 daAuts
     D:3: 723 daAuts
     D:1: 456 daAuts
     D:4: 265 daAuts
